 Dungeon Crawl Stone Soup version 0.21.1-1-g345015f (webtiles) character file.

543 Dioder the Covered (level 6, -1/53 HPs)
             Began as a Demigod Fighter on Feb 17, 2018.
             Killed by nerve-wracking pain
             ... invoked by an orc priest
              (11 damage)
             ... on level 4 of the Dungeon.
             The game lasted 00:12:18 (3379 turns).

Dioder the Covered (Demigod Fighter)                Turns: 3379, Time: 00:12:19

Health: -1/53      AC: 14    Str: 26    XL:     6   Next: 77%
Magic:  8/8        EV:  5    Int: 12    God:
Gold:   214        SH: 10    Dex: 15    Spells: 5/5 levels left

rFire    . . .     SeeInvis .   a - +1 long sword
rCold    . . .     Gourm    .   c - +0 shield
rNeg     . . .     Faith    .   n - +0 plate armour (curse)
rPois    +         Spirit   .   (no helmet)
rElec    .         Reflect  .   (no cloak)
rCorr    .         Harm     .   (no gloves)
MR       .....                  (no boots)
Stlth    ..........             (no amulet)
HPRegen  0.17/turn              k - +3 ring of strength
MPRegen  0.11/turn              (no ring)

@: no status effects
A: rugged brown scales 1, high mp 1, poison resistance, screaming 1, shaggy fur
1
a: no special abilities


You were on level 4 of the Dungeon.
You were not hungry.

You visited 1 branch of the dungeon, and saw 4 of its levels.

You collected 214 gold pieces.

Inventory:

Hand Weapons
 a - a +1 long sword (weapon)
Armour
 b - a +1 scale mail
 c - a +0 shield (worn)
 n - a cursed +0 plate armour (worn)
Jewellery
 h - an uncursed amulet of guardian spirit {unknown}
 k - a +3 ring of strength (left hand)
Wands
 g - a wand of polymorph (12)
Scrolls
 e - a scroll of magic mapping
 i - 2 scrolls of teleportation
 p - a scroll of identify
Potions
 d - a potion of might
 j - 2 potions of curing
 l - a potion of berserk rage {unknown}
 m - a potion of heal wounds {unknown}
 o - a potion of flight {unknown}
Comestibles
 f - 2 rations


   Skills:
 * Level 3.8 Fighting
 * Level 4.4 Long Blades
 * Level 4.4 Armour
 * Level 4.0 Shields


You had 5 spell levels left.
You didn't know any spells.

Dungeon Overview and Level Annotations

Branches:
Dungeon (4/15)
 Temple: D:4-7


Innate Abilities, Weirdness & Mutations

You have an increased reservoir of magic. (+10% MP)
You are partially covered in rugged brown scales. (AC +1, +3% HP)
Your system is resistant to poisons. (rPois)
You occasionally shout uncontrollably at your foes.
You are covered in fur. (AC +1)


Message History

You barely miss the orc priest.
The orc priest is severely wounded.
The orc priest hits you but does no damage.
You closely miss the orc priest.
The orc priest is severely wounded.
You block the orc priest's attack.
You barely miss the orc priest.
The orc priest is severely wounded.
The orc priest invokes the aid of Beogh against you.
Beogh smites you!
You hit the orc priest but do no damage.
The orc priest is severely wounded.
The orc priest hits you but does no damage.
The orc priest calls down the wrath of Beogh upon you.
Pain shoots through your body!
* * * LOW HITPOINT WARNING * * *
The orc priest looks braver for a moment.
The orc priest mumbles some strange prayers to Beogh against you.
Pain shoots through your body!
You die...

*****,,,* #..##..#.#####.##..
******,** #..##..#.# #.###.
*,,,,,,,* #........# #.# ##
*,****,,* #........# ##+## *,*
**,,* #.###.##.# ##...##
*,***,,,* #.###.##.###.....##
*,**,,*,* #.##..##.##.......#
*,*...#.#######.#...##.#.........
,,,....o.Soao...@......'.........
***....o#######.....##.#.........
*...*,* #........##.......#
*.*,,,* ##.#.###.###.....##
*,***,* #.#.###.# ##...## *,,,,,*
#.......# ##'## *****,* ###.#####
#.# *,* ##.#########.# *******,*
#.........##.####


You could see a worker ant, an orc priest, an adder and an orc.

Vanquished Creatures
  Grinder (D:4)
  A sky beast (D:4)
  A hound (D:4)
  A worker ant (D:4)
  5 gnolls
  7 adders
  3 oozes
  A dart slug (D:1)
  3 leopard geckos
  10 orcs (D:3)
  6 bats
  3 giant cockroaches
  6 goblins
  7 hobgoblins
  2 jackals (D:3)
  A quokka (D:4)
  5 frilled lizards
  5 kobolds
  5 rats (D:1)
73 creatures vanquished.

Notes
Turn   | Place    | Note
-------+----------+-------------------------------------------
     0 | D:1      | Dioder the Demigod Fighter began the quest for the Orb.
     0 | D:1      | Reached XP level 1. HP: 18/18 MP: 3/3
   128 | D:1      | Reached XP level 2. HP: 25/25 MP: 4/4
   361 | D:1      | Reached XP level 3. HP: 24/31 MP: 5/5
  1128 | D:2      | Reached XP level 4. HP: 18/38 MP: 6/6
  2042 | D:3      | Gained mutation: Your body sometimes deteriorates upon taking damage. [potion of mutation]
  2042 | D:3      | Gained mutation: You are agile. (Dex +2) [potion of mutation]
  2067 | D:3      | Lost mutation: Your body sometimes deteriorates upon taking damage. [potion of mutation]
  2067 | D:3      | Gained mutation: Scrolls take you a little longer to read. [potion of mutation]
  2067 | D:3      | Gained mutation: You occasionally shout uncontrollably at your foes. [potion of mutation]
  2067 | D:3      | Gained mutation: Your system is resistant to poisons. (rPois) [potion of mutation]
  2068 | D:3      | Lost mutation: You are agile. (Dex +2) [potion of mutation]
  2068 | D:3      | Lost mutation: Scrolls take you a little longer to read. [potion of mutation]
  2068 | D:3      | Gained mutation: You are partially covered in rugged brown scales. (AC +1, +3% HP) [potion of mutation]
  2068 | D:3      | Gained mutation: You are covered in fur. (AC +1) [potion of mutation]
  2108 | D:3      | Reached XP level 5. HP: 45/46 MP: 7/7
  2867 | D:4      | Noticed Grinder
  2889 | D:4      | Killed Grinder
  2889 | D:4      | Reached XP level 6. HP: 27/53 MP: 8/8
  3185 | D:4      | Found a radiant altar of Vehumet.
  3379 | D:4      | Killed from afar by an orc priest

Skill      XL: |  1  2  3  4  5  6 |
---------------+-------------------+-----
Armour         | 3 4 |  4.4
Long Blades    | 2 3 4 |  4.4
Shields        | 3 4 |  4.0
Fighting       | 3 |  3.8

Action                   |  1- 3 |  4- 6 || total
-------------------------+-------+-------++-------
Melee: Long sword        |    98 |   177 ||   275
       Unarmed           |       |     1 ||     1
  Use: Scroll            |     5 |     5 ||    10
       Potion            |       |     4 ||     4
  Eat: Ration            |     1 |     2 ||     3
Armor: Scale mail        |    34 |    60 ||    94
       Plate armour      |       |    41 ||    41
       Skin              |       |     2 ||     2
Dodge: Dodged            |    32 |    42 ||    74
Block: Shield            |    42 |    82 ||   124
       Rpst.: Long sword |    10 |     7 ||    17
